 Dungeon Crawl Stone Soup version 0.30.1-9-gdf580d7c3d (webtiles) character file.

Game seed: 10764784477240631155

12298 NitroDragon903 the Thaumaturge (level 12, -21/74 HPs)
             Began as a Djinni Summoner on Oct 26, 2023.
             Was an Initiate of Yredelemnul.
             Killed by the air
             ... invoked by a wind drake
              (23 damage)
             ... on level 2 of the Shoals.
             The game lasted 02:05:33 (10898 turns).

NitroDragon903 the Thaumaturge (Djinni Summoner)   Turns: 10898, Time: 02:05:34

Health: -21/74     AC: 14    Str: 13    XL:     12   Next: 18%
Gold:   631        EV: 13    Int: 22    God:    Yredelemnul [......] SH:  6 Dex: 22

rFire   + + .        t - +0 dagger (protect)
rCold   x . .        d - +0 buckler
rNeg    . . .        J - +1 ring mail of Elyvilon's Fury {Str+6}
rPois   ∞            a - +0 helmet
rElec   .            b - +1 cloak
rCorr   .            (no gloves)
SInv    .            (boots unavailable)
Will    +....        (no amulet)
Stlth   ++           s - ring "Nosynt" {AC+4 Int+2}
HPRegen 0.32/turn    I - +6 ring of dexterity
MPRegen 0.00/turn

%: infuse magic (-22 HP)
@: flying, mesmerised
A: sickness immunity, fire resistance 2, cold vulnerability 1, float, innate
caster, HP casting, extra vitality 1
a: Renounce Religion, Recall Undead Harvest


You were on level 2 of the Shoals.
You worshipped Yredelemnul.
Yredelemnul was noncommittal.
You visited 4 branches of the dungeon, and saw 13 of its levels.
You also visited: Sewer.

You collected 661 gold pieces.
You spent 30 gold pieces at shops.

Inventory:

Hand Weapons
 k - a +2 short sword of draining
 t - a +0 dagger of protection (weapon)
 D - a +1 vampiric short sword
Missiles
 c - 13 poisoned darts
 v - 5 curare-tipped darts
Armour
 a - a +0 helmet (worn)
 b - a +1 cloak (worn)
 d - a +0 buckler (worn)
 B - +0 swamp dragon scales
 J - the +1 ring mail of Elyvilon's Fury (worn) {Str+6}
   (You found it on level 1 of the Lair of Beasts)

   Str:       It affects your strength (+6).
Jewellery
 n - a ring of flight
 s - the ring "Nosynt" (left hand) {AC+4 Int+2}
   (You found it on level 3 of the Dungeon)

   [ring of protection]

   AC:        It affects your AC (+4).
   Int:       It affects your intelligence (+2).
 I - a +6 ring of dexterity (right hand)
Wands
 p - a wand of iceblast (9)
 C - a wand of digging (11)
Scrolls
 e - a scroll of vulnerability {unknown}
 f - 2 scrolls of amnesia {unknown}
 g - a scroll of enchant weapon {unknown}
 h - 9 scrolls of identify {unknown}
 i - a scroll of noise {unknown}
 j - 5 scrolls of immolation {unknown}
 o - 7 scrolls of teleportation {unknown}
 q - 2 scrolls of blinking
 r - a scroll of magic mapping {unknown}
 u - a scroll of enchant armour {unknown}
 y - a scroll of acquirement {unknown}
 A - a scroll of brand weapon {unknown}
 H - a scroll of poison {unknown}
Potions
 l - 4 potions of curing
 w - 2 potions of degeneration
 x - a potion of might
 z - a potion of magic
 E - a potion of mutation {unknown}
 F - a potion of attraction
 K - a potion of heal wounds
Miscellaneous
 m - a piece from Xom's chessboard (15/15)


   Skills:
 + Level 2.0 Fighting
 - Level 2.3 Short Blades
 + Level 5.8 Armour
 + Level 4.8 Dodging
 + Level 3.5 Stealth
 + Level 5.5 Shields
 + Level 12.2 Spellcasting
 + Level 2.8 Invocations


You knew the following spells:

 Your Spells              Type           Power      Damage    Failure   Level
a - Summon Small Mammal   Summ           100%       N/A       1%          1
b - Call Imp              Summ           100%       N/A       1%          2
c - Call Canine Familiar  Summ           61%        N/A       1%          3
d - Summon Guardian Gole  Hex/Summ       61%        N/A       1%          3
e - Summon Lightning Spi  Summ/Air       61%        N/A       1%          4
f - Kiss of Death         Conj/Necr      100%       2d13      1%          1
g - Momentum Strike       Conj/Tloc      100%       3d10      1%          2
h - Vhi's Electric Charg  Tloc/Air       100%       N/A       1%          3
i - Anguish               Hex/Necr       30%        N/A       1%          4
j - Silence               Hex/Air        30%        N/A       2%          5
Your spell library was empty.

Dungeon Overview and Level Annotations

Branches:
Dungeon (8/15)             Temple (1/1) D:7            Lair (2/5) D:8
 Shoals (2/4) Lair:2        Sewer (visited)
  Snake: Lair:2-3    Spider: Lair:2-3

Altars:
Ashenzari
Cheibriados
Dithmenos
Elyvilon
Fedhas
Gozag
Hepliaklqana
Makhleb
Nemelex Xobeh
Okawaru
Ru
Trog
Uskayaw
Wu Jian
Xom
Yredelemnul
Zin
The Shining One

Shops:
D:2 !*=*!


Innate Abilities, Weirdness & Mutations

You are immune to sickness and miasma.
You are immune to poison.
Your flesh is very heat resistant. (rF++)
You are vulnerable to cold. (rC-)
You float through the air rather than walking.
You learn spells naturally, not from books.
Your magical power is your life essence.
You have superior vitality. (+4 MHP)


Message History

You fly downwards.
The hatch slams shut behind you.
The wind drake hisses angrily.
Found a potion of curing and a scroll labelled ZUOKAREASE.
The merfolk avatar shouts!
The merfolk avatar chants a haunting song.
You resist. The skyshark completely misses you. The skyshark tail-slaps you.
* * * LOW HITPOINT WARNING * * *
The skyshark is wracked by anguish.
The skyshark tail-slaps you but does no damage.
The merfolk avatar chants a haunting song.
You resist with some effort. You block the skyshark's attack.
The skyshark misses you.
The skyshark tail-slaps you but does no damage.
The wind drake bites you but does no damage.
The merfolk avatar chants a haunting song.
You are mesmerised by the merfolk avatar!
The wind drake bites you.
* * * LOW HITPOINT WARNING * * *
Found a runed falchion.
The merfolk avatar chants its luring song.
The skyshark attacks as you move away! The skyshark completely misses you.
The skyshark barely misses you. x2
The pull of its song draws you forwards.
The wind drake exhales a fierce blast of wind!
You are knocked back by the gust of wind.
The merfolk avatar is knocked back by the gust of wind.
Found a scroll labelled FANTIGR COUHUR.
The merfolk avatar chants its luring song.
You cannot move away from the merfolk avatar!
You cannot move away from the merfolk avatar!
You don't have enough health to cast this spell.
Blink to where?
Press: ? - help, Dir - move target, f - you
Okay, then.
The merfolk avatar chants its luring song.
You barely miss the merfolk avatar. The wind drake flaps its wings at you.
The air twists around and strikes you!!
You die...
Your body rises from the dead as a mindless zombie.

..~~~~..... ~~~S..
..~~~.... ~~~~~?.##
#.~~..~~## ~ ~~~~~~...#
##.~~~~≈≈.##?~
.~~~~≈~..###....~~≈≈≈~...
.~~~~~~~..!..~.~~~~~~~~~~
..~~~~~~~...~~~~~~~.~.~~~
...~~~~~~.~~~~~~~~~^.~~~~
.....~~~~..~~k~l@~~..~~~~
#.....~~~~~~~~~m≈~.##.~~~
..###..~~~...~~≈~## ~~≈
##........~~.... ≈
#########...~~~ ##.~)~≈
##..~~~ ..~~≈~


You could see a merfolk avatar (mesmerising), a skyshark (anguished) and a wind
drake (repels missiles).

Vanquished Creatures
  A yak (Lair:2)
  A centaur (D:5)
  A bullfrog (D:7)
  Terence (D:2)
  A river rat (D:3)
  3 adders (Sewer)
  An orc (D:5)
  3 ball pythons (Sewer)
  An endoplasm (Sewer)
  6 giant cockroaches
  5 quokkas
24 creatures vanquished.

Vanquished Creatures (collateral kills)
  3 death yaks (Lair:1)
  Joseph (D:7)
  A black mamba (Lair:1)
  4 cane toads
  Maggie (D:6)
  A rime drake (Lair:2)
  A komodo dragon (Lair:1)
  A polar bear (Lair:1)
  Grinder (D:4)
  4 blink frogs (Lair:1)
  3 yaks (Lair:2)
  A steam dragon (D:7)
  2 basilisks (Lair:2)
  The ghost of jfcaron the Stinger, an amateur GnVM of Wu Jian (D:3)
  3 water moccasins
  An ice beast (D:5)
  An orc warrior (D:7)
  3 sky beasts (D:7)
  An ogre (D:5)
  A phantom (D:3)
  3 centaurs
  Blork the orc (D:4)
  8 bullfrogs
  3 scorpions
  9 wights
  A killer bee (D:7)
  2 jellies
  3 orc priests
  4 hounds (D:5)
  2 sleepcaps (D:7)
  Ijyb (D:4)
  5 iguanas
  5 orc wizards
  8 adders
  An ufetubus (D:5)
  2 worms (D:3)
  A dart slug (D:2)
  24 orcs
  17 endoplasms
  10 giant cockroaches
  9 goblins
  10 hobgoblins
  6 jackals
  5 kobolds
  5 quokkas
  11 ball pythons
  7 bats
  11 frilled lizards
  5 rats
214 creatures vanquished.

Vanquished Creatures (others)
  2 death yaks (Lair:1)
  Pikel (D:6)
  A polar bear (Lair:1)
  A blink frog (Lair:1)
  A yak (Lair:2)
  Menkaure (D:6)
  3 blink frog zombies (Lair:1)
  A lemure (D:6)
  A phantom (D:5)
  A bullfrog (Lair:2)
  A scorpion (D:7)
  A water moccasin zombie (Lair:2)
  2 wights (D:8)
  3 bullfrog zombies
  A centaur zombie (D:7)
  A scorpion zombie (D:5)
  2 sky beast zombies (D:7)
  A hound zombie (D:5)
  An iguana zombie (D:5)
  A jelly zombie (D:6)
  An adder zombie (D:5)
  11 orc zombies
  A spectral ufetubus (D:5)
40 creatures vanquished.

Grand Total: 278 creatures vanquished

Notes
Turn   | Place    | Note
-------+----------+-------------------------------------------
     0 | D:1      | NitroDragon903 the Djinni Summoner began the quest for the
                  | Orb.
     0 | D:1      | NitroDragon903 set off with the following spells memorised:
                  | Summon Small Mammal, Call Imp, Call Canine Familiar, Summon
                  | Guardian Golem, Summon Lightning Spire.
     0 | D:1      | Reached XP level 1. HP: 15/15 MP: 0/0
   178 | D:1      | Reached XP level 2. HP: 19/21 MP: 0/0
   546 | D:1      | Reached XP level 3. HP: 25/25 MP: 0/0
   546 | D:1      | Learned a level 1 spell: Kiss of Death
   961 | D:2      | Found Neurewu's Jewellery Boutique.
   975 | D:2      | Reached skill level 4 in Spellcasting
  1049 | D:2      | Reached XP level 4. HP: 29/31 MP: 0/0
  1054 | D:2      | Found Pesusezi's Assorted Antiques.
  1093 | D:2      | Found a faded altar of an unknown god.
  1204 | D:2      | Found Mylegh's Distillery.
  1209 | D:2      | Bought a potion of curing for 30 gold pieces
  1342 | D:2      | Found Ekutalat's General Store.
  1363 | D:2      | Noticed Terence
  1395 | D:2      | Killed Terence
  1461 | D:2      | Found Ympiukhlo's Distillery.
  2050 | D:3      | Reached XP level 5. HP: 32/34 MP: 0/0
  2050 | D:3      | Learned a level 2 spell: Momentum Strike
  2074 | D:3      | Found a glowing drain.
  2091 | Sewer    | Entered a sewer
  2547 | Sewer    | Noticed a bullfrog
  2551 | Sewer    | Killed a bullfrog
  2552 | Sewer    | Reached skill level 1 in Shields
  2552 | Sewer    | Reached skill level 5 in Spellcasting
  2552 | Sewer    | Reached XP level 6. HP: 36/41 MP: 0/0
  2695 | D:3      | Reached skill level 1 in Short Blades
  2937 | D:3      | Found a runed translucent door.
  2962 | D:3      | Noticed jfcaron's ghost (amateur GnVM)
  2983 | D:3      | Killed jfcaron's ghost
  2984 | D:3      | Reached XP level 7. HP: 26/46 MP: 0/0
  2984 | D:3      | Learned a level 3 spell: Vhi's Electric Charge
  2997 | D:3      | Found a runed translucent door.
  3008 | D:3      | Identified the ring "Nosynt" {AC+4 Int+2}
  3480 | D:4      | Noticed Blork the orc
  3491 | D:4      | Killed Blork the orc
  3492 | D:4      | Reached skill level 1 in Fighting
  3622 | D:4      | Noticed Grinder
  3637 | D:4      | Killed Grinder
  3638 | D:4      | Reached skill level 6 in Spellcasting
  3638 | D:4      | Reached XP level 8. HP: 50/52 MP: 0/0
  3716 | D:4      | Found an ornate altar of the Wu Jian Council.
  3755 | D:4      | Noticed Ijyb
  3808 | D:4      | Killed Ijyb
  4138 | D:4      | Found a basalt altar of Yredelemnul.
  4144 | D:4      | Became a worshipper of Yredelemnul the Dark
  4245 | D:5      | Entered Level 5 of the Dungeon
  4364 | D:5      | Found a snail-covered altar of Cheibriados.
  4397 | D:5      | Found a sacrificial altar of Ru.
  4519 | D:5      | Reached * piety under Yredelemnul
  4688 | D:5      | Reached skill level 7 in Spellcasting
  5037 | D:5      | Found a burning altar of Makhleb.
  5115 | D:5      | Reached XP level 9. HP: 53/57 MP: 0/0
  5115 | D:5      | Learned a level 4 spell: Anguish
  5221 | D:5      | Reached ** piety under Yredelemnul
  5997 | D:6      | Noticed Maggie
  6009 | D:6      | Killed Maggie
  6012 | D:6      | Reached skill level 8 in Spellcasting
  6213 | D:6      | Noticed Pikel
  6215 | D:6      | Noticed Menkaure
  6216 | D:6      | Reached skill level 1 in Armour
  6228 | D:6      | Killed Pikel
  6228 | D:6      | Killed Menkaure
  6551 | D:6      | Found a shadowy altar of Dithmenos.
  6686 | D:7      | Noticed Joseph
  6710 | D:7      | Killed Joseph
  6711 | D:7      | Reached XP level 10. HP: 21/62 MP: 0/0
  6955 | D:7      | Reached skill level 9 in Spellcasting
  6980 | D:7      | Found a blossoming altar of Fedhas.
  7007 | D:7      | Found a hide-covered altar of Uskayaw.
  7018 | D:7      | Found a hazy altar of Hepliaklqana.
  7107 | D:7      | Found a shimmering altar of Xom.
  7151 | D:7      | Found a staircase to the Ecumenical Temple.
  7454 | D:7      | Reached skill level 1 in Invocations
  7666 | D:7      | Found a broken altar of Ashenzari.
  7989 | Temple   | Entered the Ecumenical Temple
  8564 | D:8      | Found an iron altar of Okawaru.
  8656 | D:8      | Found a staircase to the Lair.
  8683 | Lair:1   | Entered Level 1 of the Lair of Beasts
  8699 | Lair:1   | Reached skill level 10 in Spellcasting
  8850 | Lair:1   | Noticed a komodo dragon
  8871 | Lair:1   | Killed a komodo dragon
  8872 | Lair:1   | Reached XP level 11. HP: 67/67 MP: 0/0
  8872 | Lair:1   | Learned a level 5 spell: Silence
  8939 | Lair:1   | Reached skill level 5 in Armour
  9106 | Lair:1   | Reached skill level 5 in Shields
  9206 | Lair:1   | Noticed a death yak
  9210 | Lair:1   | Noticed a death yak
  9211 | Lair:1   | Noticed a death yak
  9212 | Lair:1   | Noticed a death yak
  9215 | Lair:1   | Noticed a death yak
  9226 | Lair:1   | Killed a death yak
  9227 | Lair:1   | Reached skill level 11 in Spellcasting
  9232 | Lair:1   | Killed a death yak
  9232 | Lair:1   | Killed a death yak
  9250 | Lair:1   | Killed a death yak
  9251 | Lair:1   | Killed a death yak
  9252 | Lair:1   | Reached *** piety under Yredelemnul
  9269 | Lair:1   | Identified the +1 ring mail of Elyvilon's Fury {Str+6}
  9779 | Lair:2   | Reached XP level 12. HP: 55/74 MP: 0/0
  9871 | Lair:2   | Found a staircase to the Shoals.
  9916 | Lair:2   | Reached skill level 12 in Spellcasting
 10880 | Shoals:1 | Entered Level 1 of the Shoals
 10880 | Shoals:1 | Noticed a skyshark
 10888 | Shoals:2 | Noticed a merfolk avatar
 10888 | Shoals:2 | Noticed a sea snake
 10890 | Shoals:2 | HP: 3/74 [skyshark (6)]
 10893 | Shoals:2 | HP: 1/74 [wind drake (3)]
 10898 | Shoals:2 | Killed from afar by a wind drake

Illustrated notes

Levels and vault maps discovered:
D:1:      amcnicky_arrival_abandoned_market, layout_basic, minmay_tetromino_o4
D:2:      layout_basic, shapermc_ecumenical_altar_gd, serial_shops,
          nicolae_shop_crystal, shop, shop, shop, nicolae_shop_hallway_plus,
          grunt_ministairs_11, uniq_terence
D:3:      layout_basic, ebering_ghost_sewer_f, portal_sewer_entry_e,
          fountainhead
D:4:      old_forge, layout_gridville, mainiacjoe_overflow_tiny_flanked,
          mainiacjoe_overflow_alcove_1, serial_shops, shop, uniq_grinder,
          uniq_ijyb, uniq_blork_the_orc
D:5:      layout_gridville, cheibriados_altar_1,
          mainiacjoe_overflow_surrounded_room, lemuel_coloured_pillars_altar,
          serial_glass, glass_columns_a, glass_columns_b
D:6:      layout_gridville, nicolae_dithmenos_through_a_glass_darkly,
          grunt_decor_one_mirror, uniq_menkaure, uniq_pikel, uniq_maggie
D:7:      layout_rooms, old_standard_altar, xom_teletrap_fun,
          nicolae_overflow_quartered_altars, minmay_temple_entry_sparse_star,
          minmay_quadrilaterals, uniq_joseph
D:8:      layout_layer_cave, mainiacjoe_overflow_boulevard, dpeg_oklobed_lair,
          minmay_misc_feat_enclosed, kennysheep_pointless_box
Temple:   nicolae_temple_two_arcs
Lair:1:   layout_big_grid, chequers_serial_rivers_small_3, grunt_megastairs_1,
          lemuel_fruit_fields, lemuel_fruit_tree
Lair:2:   layout_chaotic_city, elwin_shoals_entry_rocks
Shoals:1: layout_shoals, nicolae_shoals_c_island, uniq_frances
Shoals:2: layout_shoals, serial_shops, nicolae_shop_just_a_little_nook,
          lemuel_oklob_altar

Skill      XL: |  1  2  3  4  5  6  7  8  9 10 11 12 |
---------------+-------------------------------------+-----
Spellcasting   | 4 5 6 7 8 10 11 12 | 12.2
Shields        | 1 2 3 4 5 |  5.5
Short Blades   | 1 2 |  2.3
Dodging        | 3 4 |  4.8
Stealth        | 2 3 |  3.5
Fighting       | 1 2 |  2.0
Armour         | 2 4 5 |  5.8
Invocations    | 2 |  2.8

Action                     |  1- 3 |  4- 6 |  7- 9 | 10-12 || total
---------------------------+-------+-------+-------+-------++-------
  Melee: Unarmed           |     3 |       |       |       ||     3
         Short sword       |       |    65 |     4 |       ||    69
         Dagger            |       |       |    29 |    35 ||    64
   Cast: Summon Small Mamm |    19 |    26 |    10 |     8 ||    63
         Call Imp          |    13 |    18 |    14 |    11 ||    56
         Kiss of Death     |       |     1 |       |       ||     1
         Summon Lightning  |       |     3 |    24 |    30 ||    57
         Call Canine Famil |       |     6 |    32 |    19 ||    57
         Summon Guardian G |       |     1 |     8 |     7 ||    16
         Anguish           |       |       |     3 |    13 ||    16
 Invoke: Recall Undead Har |       |       |     2 |     1 ||     3
         Dark Bargain      |       |       |     1 |     3 ||     4
    Use: Potion            |     2 |     3 |     7 |     4 ||    16
   Stab: Sleeping          |       |     2 |       |       ||     2
         Distracted        |       |       |     1 |     1 ||     2
 Armour: Robe              |     1 |    25 |    17 |       ||    43
         Swamp dragon scal |       |       |     2 |    21 ||    23
         Ring mail         |       |       |       |    11 ||    11
  Dodge: Dodged            |    14 |    41 |    24 |    33 ||   112
  Block: Buckler           |       |    20 |    10 |    17 ||    47
